 Dungeon Sprint DCSS version bcrawl-1.31.3 (webtiles) character file.

Game seed: 12856892923944613238

9900000 Groucho the Axe Maniac (level 27, -30/199 HPs)
             Began as a Mana Stalker Abyssal Knight on Apr 14, 2021.
             Was the Champion of Makhleb.
             Killed from afar by an observer (64 damage)
             ... with a bolt of fire
             ... in the Dungeon (Sprint VIII: "Arena of Blood").
             The game lasted 00:04:42 (99 turns).

Groucho the Axe Maniac (Mana Stalker Abyssal Knight)  Turns: 99, Time: 00:04:42

Health: -30/199    AC: 11    Str: 14    XL:     27
Magic:  33/55      EV: 38    Int: 12    God:    Makhleb [******]
Gold:   0          SH:  0    Dex: 28    Spells: 80/80 levels left

rFire    . . .     SeeInvis .   l - +∞ Axe of Woe
rCold    . . .     Gourm    .   (shield currently unavailable)
rNeg     . . .     Faith    .   b - +0 ring mail
rPois    .         Spirit   .   (no helmet)
rElec    .         Reflect  .   (no cloak)
rCorr    .         Harm     .   (no gloves)
MR       +++++     NoTele   +   (no boots)
Stlth    ++++++++++             (no amulet)
HPRegen  0.83/turn              m - +200 ring of slaying
MPRegen  0.34/turn              o - +200 ring of slaying

@: no status effects
A: fangs 3, magic resistance 3, regeneration 1, antimagic bite, no potion heal
3, rot immunity, strong jaws
a: Minor Destruction, Lesser Servant of Makhleb, Major Destruction, Greater
Servant of Makhleb, Renounce Religion


You were in the Dungeon.
You worshipped Makhleb.
Makhleb was exalted by your worship.
You were not hungry.

You visited 1 branch

Inventory:

Hand Weapons
 a - a +0 war axe
 l - the +∞ Axe of Woe (weapon)
   (You found it in the Dungeon)
Missiles
 c - 10 tomahawks of dispersal {=f}
 d - 40 stones (quivered)
Armour
 b - a +0 ring mail (worn)
Jewellery
 m - a +200 ring of slaying (left hand)
 n - a +100 ring of slaying
 o - a +200 ring of slaying (right hand)
 p - a +250 ring of slaying
 q - a +200 ring of slaying
 r - a +250 ring of slaying
Scrolls
 k - a scroll of blinking
Potions
 f - a potion of curing
 g - a potion of heal wounds
 h - a potion of haste
 i - 2 potions of magic
 j - a potion of berserk rage
Comestibles
 e - a ration {!d}


   Skills:
 O Level 27 Fighting
 O Level 27 Axes
 O Level 27 Throwing
 O Level 27 Armour
 O Level 27 Dodging
 O Level 27 Stealth
 O Level 27 Unarmed Combat
 O Level 27 Spellcasting
 O Level 27 Invocations


You had 80 spell levels left.
You didn't know any spells.
Your spell library was empty.

Dungeon Overview and Level Annotations

Branches:
Dungeon (1/1)

Altars:
Makhleb


Innate Abilities, Weirdness & Mutations

You have razor-sharp teeth.
You are extremely resistant to the effects of hostile enchantments. (MR+++)
Your natural rate of healing is unusually fast.
Your bite disrupts and absorbs the magic of your enemies.
Potions cannot restore your health.
You are immune to rotting.
Your bites deal extra damage.


Message History

Something smites you!
* * * LOW HITPOINT WARNING * * *
A large bag of meat comes into view. It is wielding a +9 giant spiked club.
You hear a shout! x3
The accursed points at you and mumbles some strange words.
Something smites you!
* * * LOW HITPOINT WARNING * * *
You hear a shout! x4
No path to travel!
No path to travel!
Okay, then.
No path to travel!
No path to travel!
Put on which piece of jewellery? (? for menu, Esc to quit)
o - a +200 ring of slaying (right hand) notify_dgn_event: Lua error: [string "global_prelude"]:208: Unknown spell name: 'hurl damnation' in 'symbol_of_torment.34.natural;hurl_damnation.33.natural;call_down_damnation.33. natural' You hear a shout! x2; You feel something staring at you.
A bolt of fire appears from out of thin air!
The bolt of fire hits you!!!
You die...

... ..... #%.
...# . #.. ...#
. ..###..
...###..
......###.%....
......_......
#))).)# #_)@)_#
#{))).#
....o.)_))......
OoM%..###.......
..###.. ...###..
. #.. .M.# M #..
...# ... .....
.. ....


You could see 2 accurseds, a large bag of meat (inner flame) and 2 bags of meat.

Vanquished Creatures
  2 hell beasts (D)
  2 greater mummies (D)
  3 great orbs of eyes (D)
  18 vampire knights (D)
  22 ogres (D)
  4 two-headed ogres (D)
  3 liches (D)
  27 orcs (D)
  4 phantoms (D)
  7 skeletal warriors (D)
  A large abomination (D)
  5 crawling corpses (D)
98 creatures vanquished.

Vanquished Creatures (others)
  A crawling corpse (D)
1 creature vanquished.

Grand Total: 99 creatures vanquished

Notes
Turn   | Place    | Note
-------+----------+-------------------------------------------
     0 | D        | Found the +∞ Axe of Woe
     0 | D        | Groucho the Vine Stalker Abyssal Knight began the quest for
                  | the Orb.
     0 | D        | Reached XP level 1. HP: 13/13 MP: 3/3
     3 | D        | Noticed a bag of meat
     3 | D        | Noticed a bag of meat
     3 | D        | Noticed a bag of meat
     4 | D        | Fell from the grace of Lugonu
     4 | D        | Became a worshipper of Makhleb the Destroyer
     5 | D        | Killed a bag of meat
     5 | D        | Noticed a meat berserker
     5 | D        | Noticed a bag of meat
     6 | D        | Reached XP level 2. HP: 18/18 MP: 4/4
     6 | D        | Reached XP level 3. HP: 22/22 MP: 5/5
     6 | D        | Reached XP level 4. HP: 27/27 MP: 6/6
     6 | D        | Reached XP level 5. HP: 31/31 MP: 7/7
     6 | D        | Gained mutation: You have razor-sharp teeth. [Vine Stalker
                  | growth]
     6 | D        | Reached XP level 6. HP: 36/36 MP: 8/8
     6 | D        | Reached XP level 7. HP: 40/40 MP: 9/9
     6 | D        | Gained mutation: Your bite disrupts and absorbs the magic
                  | of your enemies. [Mana Stalker growth]
     6 | D        | Gained mutation: You are resistant to hostile enchantments.
                  | (MR+) [Mana Stalker growth]
     6 | D        | Reached XP level 8. HP: 40/45 MP: 9/10
     6 | D        | Reached XP level 9. HP: 43/49 MP: 9/11
     6 | D        | Reached XP level 10. HP: 48/54 MP: 9/12
     6 | D        | Reached XP level 11. HP: 52/59 MP: 9/13
     6 | D        | Gained mutation: You are highly resistant to hostile
                  | enchantments. (MR++) [Mana Stalker growth]
     6 | D        | Reached XP level 12. HP: 57/64 MP: 9/14
     8 | D        | Noticed a meat berserker
     9 | D        | Noticed a bag of meat
     9 | D        | Noticed a bag of meat
    10 | D        | Killed a bag of meat
    10 | D        | Reached * piety under Makhleb
    10 | D        | Killed a bag of meat
    11 | D        | Reached XP level 13. HP: 68/68 MP: 10/15
    11 | D        | Reached XP level 14. HP: 72/72 MP: 10/16
    11 | D        | Killed a meat berserker
    11 | D        | Killed a meat berserker
    11 | D        | Reached ** piety under Makhleb
    12 | D        | Reached skill level 27 in Axes
    12 | D        | Reached skill level 27 in Dodging
    12 | D        | Reached XP level 15. HP: 76/76 MP: 10/17
    12 | D        | Gained mutation: You are extremely resistant to the effects
                  | of hostile enchantments. (MR+++) [Mana Stalker growth]
    12 | D        | Reached XP level 16. HP: 81/81 MP: 10/18
    15 | D        | Noticed a meat berserker
    17 | D        | Reached *** piety under Makhleb
    17 | D        | Noticed a meat berserker
    18 | D        | Reached skill level 27 in Stealth
    18 | D        | Reached XP level 17. HP: 86/86 MP: 11/35
    19 | D        | Killed a meat berserker
    20 | D        | Reached skill level 10 in Armour
    22 | D        | Killed a meat berserker
    23 | D        | Reached skill level 15 in Invocations
    23 | D        | Reached XP level 18. HP: 117/117 MP: 12/36
    23 | D        | Noticed a destroyer
    25 | D        | Noticed a large bag of meat
    26 | D        | Reached **** piety under Makhleb
    27 | D        | Reached skill level 15 in Fighting
    28 | D        | Noticed a large bag of meat
    29 | D        | Killed a large bag of meat
    30 | D        | Reached XP level 19. HP: 122/129 MP: 14/37
    30 | D        | Killed a destroyer
    31 | D        | Killed a large bag of meat
    31 | D        | Reached ***** piety under Makhleb
    31 | D        | Noticed a large bag of meat
    32 | D        | Reached XP level 20. HP: 72/145 MP: 14/38
    33 | D        | Noticed a meat berserker
    35 | D        | Noticed a destroyer
    36 | D        | Noticed a destroyer
    36 | D        | Killed a large bag of meat
    36 | D        | Noticed a meat berserker
    37 | D        | Reached skill level 27 in Unarmed Combat
    38 | D        | Noticed a destroyer
    39 | D        | Killed a meat berserker
    40 | D        | Reached skill level 27 in Invocations
    40 | D        | Reached XP level 21. HP: 143/160 MP: 16/39
    40 | D        | Killed a destroyer
    41 | D        | Reached skill level 27 in Fighting
    41 | D        | Reached skill level 27 in Armour
    41 | D        | Killed a meat berserker
    41 | D        | Reached ****** piety under Makhleb
    41 | D        | Killed a destroyer
    41 | D        | Noticed a meat berserker
    41 | D        | Noticed a large bag of meat
    42 | D        | Reached XP level 22. HP: 151/169 MP: 16/52
    44 | D        | Reached skill level 27 in Spellcasting
    44 | D        | Reached XP level 23. HP: 149/175 MP: 16/55
    44 | D        | Noticed a destroyer
    44 | D        | Killed a destroyer
    44 | D        | Noticed a destroyer
    45 | D        | Reached skill level 27 in Throwing
    48 | D        | Noticed a destroyer
    50 | D        | Reached XP level 24. HP: 170/181 MP: 18/55
    52 | D        | Killed a large bag of meat
    52 | D        | Noticed an accursed
    53 | D        | Killed a destroyer
    54 | D        | Reached XP level 25. HP: 167/187 MP: 19/55
    54 | D        | Killed a destroyer
    54 | D        | Noticed a destroyer
    55 | D        | Killed a destroyer
    56 | D        | Reached XP level 26. HP: 176/193 MP: 19/55
    60 | D        | Noticed a destroyer
    61 | D        | Killed an accursed
    61 | D        | Killed a destroyer
    62 | D        | Reached XP level 27. HP: 199/199 MP: 20/55
    62 | D        | Noticed an accursed
    63 | D        | Noticed a destroyer
    63 | D        | Noticed a destroyer
    66 | D        | Killed a destroyer
    67 | D        | Killed a destroyer
    68 | D        | Killed a destroyer
    70 | D        | Noticed a destroyer
    73 | D        | Noticed a destroyer
    73 | D        | Noticed a meat beast
    74 | D        | Noticed a destroyer
    75 | D        | Noticed a destroyer
    76 | D        | Killed a meat beast
    76 | D        | Noticed a destroyer
    76 | D        | Noticed a destroyer
    76 | D        | Noticed an accursed
    76 | D        | Noticed a tyrant
    77 | D        | Killed a destroyer
    77 | D        | Noticed a destroyer
    77 | D        | Noticed a tyrant
    78 | D        | Killed a destroyer
    78 | D        | Killed a destroyer
    79 | D        | Killed an accursed
    80 | D        | Killed a tyrant
    80 | D        | Killed a destroyer
    80 | D        | Killed a destroyer
    80 | D        | Killed a tyrant
    80 | D        | Noticed a tyrant
    81 | D        | Killed a destroyer
    83 | D        | Noticed a meat beast
    86 | D        | Killed a meat beast
    87 | D        | Killed a destroyer
    90 | D        | Killed a tyrant
    90 | D        | Noticed a destroyer
    92 | D        | Noticed an accursed
    95 | D        | Noticed an accursed
    98 | D        | Noticed a large bag of meat
    99 | D        | Killed from afar by an observer

Skill      XL: |  1  2  3  4  5  6  7  8  9 10 11 12 13 14 15 16 17 18 19 20 21 22 23 |
---------------+----------------------------------------------------------------------+-----
Axes           | 19 23 27 | 27.0
Dodging        | 19 24 27 | 27.0
Stealth        | 27 | 27.0
Unarmed Combat | 13 19 22 25 27 | 27.0
Spellcasting   | 13 25 27 | 27.0
Fighting       | 14 17 22 25 27 | 27.0
Armour         | 13 16 20 23 27 | 27.0
Invocations    | 15 19 23 27 | 27.0
Throwing       | 21 24 27 | 27.0

Action                   |  1- 3 |  4- 6 |  7- 9 | 10-12 | 13-15 | 16-18 | 19-21 | 22-24 | 25-27 || total
-------------------------+-------+-------+-------+-------+-------+-------+-------+-------+-------++-------
Melee: Executioner's axe |     1 |       |       |     1 |     1 |     7 |     7 |     8 |    32 ||    57
Dodge: Dodged            |       |       |       |     1 |       |       |       |       |     6 ||     7
